 Dungeon Crawl Stone Soup version 0.31-a0-180-g519b7de00c (webtiles) character file.

Game seed: 6697921857711210983

52 qw the Chopper (level 3, -2/23 HPs)
             Began as a Gargoyle Fighter on June 19, 2023.
             Slain by Sigmund
             ... wielding a +0 scythe
              (3 damage)
             ... on level 2 of the Dungeon.
             The game lasted 00:00:38 (1122 turns).

qw the Chopper (Gargoyle Fighter)                   Turns: 1122, Time: 00:00:38

Health: -2/23      AC: 10    Str: 19 (21) XL:     3   Next: 85%
Magic:  3/3        EV:  9    Int:  8      God:
Gold:   23         SH:  0    Dex:  8 (9)  Spells: 2/2 levels left

rFire   . . .        Y - +0 war axe
rCold   . . .        c - +0 buckler
rNeg    + . .        b - +0 scale mail
rPois   inf          (no helmet)
rElec   +            (no cloak)
rCorr   .            (no gloves)
SInv    .            (no boots)
Will    .....        (no amulet) Stlth
                     (no ring)
HPRegen 0.23/turn    (no ring)
MPRegen 0.08/turn

%: no passive effects
@: confused
A: sickness immunity, AC +3, negative energy resistance 1, electricity
resistance, torment resistance 1, petrification resistance
a: no special abilities


You were on level 2 of the Dungeon.
You visited 1 branch of the dungeon, and saw 2 of its levels.

You collected 23 gold pieces.


Innate Abilities, Weirdness & Mutations

You are immune to sickness and miasma.
Your stone body is resilient. (AC +3)
You are immune to poison.
You resist negative energy. (rN+)
You are resistant to electric shocks. (rElec)
You are resistant to unholy torment.
You are immune to petrification.


   Skills:
 - Level 3.2 Fighting
 + Level 3.6 Axes
 - Level 3.2 Armour
 - Level 3.2 Shields


You had 2 spell levels left.
You didn't know any spells.
Your spell library was empty.

Inventory:

Hand Weapons
 f - a +0 mace
 Y - a +0 war axe (weapon)
Armour
 a - a +0 chain mail
 b - a +0 scale mail (worn)
 c - a +0 buckler (worn)
Scrolls
 e - a scroll of immolation {unknown}
 g - 2 scrolls of identify
 m - a scroll of teleportation
Potions
 d - 2 potions of might
 h - a potion of mutation {unknown}
 i - a potion of brilliance {unknown}
 j - a potion of heal wounds
 k - a potion of lignification {unknown}

Dungeon Overview and Level Annotations

Branches:
Dungeon (2/15)

Altars:

Annotations:
D:2 Sigmund


Message History

Enter note: Sigmund points at you and mumbles some strange words.
You are more confused.
Sigmund casts a spell.
Sigmund flickers and vanishes!
Deactivating autopickup; reactivate with Ctrl-A.
Enter note:
Enter note: You're too confused to move!
Enter note:
Enter note: Something hits you but does no damage.
You're too confused to move!
Something hits you but does no damage.
You feel less confused. You block something's attack.
You miss something. Something hits you but does no damage.
You hit something. Something hits you.
You closely miss something. You miss something.
Something hits you but does no damage.
You miss something. Something hits you.
You hit something.
You hear some strange, mumbled words.
You are confused.
You hear some strange, mumbled words.
A magic dart appears from out of thin air!
The magic dart hits you.
You closely miss something. Something hits you.
You hear some strange, mumbled words.
A puff of flame appears from out of thin air!
The puff of flame hits you!
Enter note:
Enter note: Something hits you.
You die...

#.# #.#
#.# #.#
#####.#
##...#.#
##....).#
#.....%.#
#.@{....#
#.......#
##.....##
#.......#
#.......#
#.......#
##.....##
##...##
#####


There were no monsters in sight!

Vanquished Creatures
  Jessica (D:2)
  A dart slug (D:1)
  2 ball pythons
  2 bats (D:1)
  An endoplasm (D:1)
  2 giant cockroaches (D:1)
  3 goblins (D:1)
  2 hobgoblins (D:1)
  2 quokkas
  4 frilled lizards
  3 kobolds (D:1)
  A rat (D:1)
24 creatures vanquished.

Notes
Turn   | Place    | Note
-------+----------+-------------------------------------------
     0 | D:1      | qw the Gargoyle Fighter began the quest for the Orb.
     0 | D:1      | Reached XP level 1. HP: 14/14 MP: 1/1
     0 | D:1      | 0 ||| qw: Version: 0.3-a-7-ge0c9b40
     0 | D:1      | 0 ||| qw: Game counter: 1007
     0 | D:1      | 0 ||| qw: Always use a shield: true
     0 | D:1      | 0 ||| qw: God list: Okawaru
     0 | D:1      | 0 ||| qw: Allow faded altars: false
     0 | D:1      | 0 ||| qw: Do Orc after D:15 true
     0 | D:1      | 0 ||| qw: Do second Lair branch before Depths: true
     0 | D:1      | 0 ||| qw: Lair rune preference: random
     0 | D:1      | 0 ||| qw: Plans: Normal, Zot:1-4, Slime:5, God:TSO, Crypt,
                  | Tomb, Abyss, Pan, Hells, Win
     0 | D:1      | 0 ||| PLANNING D:1-11
    56 | D:1      | Reached XP level 2. HP: 19/19 MP: 2/2
    58 | D:1      | 58 ||| DROPPING +0 club.
    61 | D:1      | 61 ||| DROPPING +0 whip.
   254 | D:1      | Found a faded altar of an unknown god.
   470 | D:1      | Reached skill level 3 in Axes
   894 | D:1      | 894 ||| READING scroll labelled XUHIUWK KUQAHA.
   895 | D:1      | 895 ||| READING scroll labelled OCWASCHUALO.
   896 | D:1      | 896 ||| READING 2 scrolls labelled OTTAAHE NATISK.
   899 | D:1      | 899 ||| READING scroll labelled WAGALA ETRALU.
   900 | D:1      | 900 ||| DRINKING 3 brown potions.
   901 | D:1      | 901 ||| DRINKING 2 fizzy golden potions.
   902 | D:1      | 902 ||| DRINKING 2 glowing coppery potions.
   903 | D:1      | 903 ||| DROPPING 2 potions of degeneration.
   904 | D:1      | 904 ||| DROPPING potion of invisibility.
   953 | D:2      | Noticed Jessica
   961 | D:2      | Reached XP level 3. HP: 17/23 MP: 3/3
   961 | D:2      | Killed Jessica
  1099 | D:2      | Noticed Sigmund
  1121 | D:2      | HP: 1/23 [something/puff of flame (7)]
  1122 | D:2      | Slain by Sigmund

Levels and vault maps discovered:
D:1:      minmay_arrival_five_plusses, layout_basic,
          chequers_ecumenical_altar_simple_redux, minmay_tetromino_l2
D:2:      layout_rooms, uniq_sigmund, uniq_jessica

Skill      XL: |  1  2 |
---------------+-------+-----
Axes           | 2 3 |  3.6
Fighting       | |  3.2
Armour         | |  3.2
Shields        | |  3.2

Action                     || total
---------------------------++-------
  Melee: War axe           ||    82
    Use: Scroll            ||     4
         Potion            ||     3
 Armour: Scale mail        ||    39
  Dodge: Dodged            ||    24
  Block: Buckler           ||    21

Table legend:
 A = Non-vault XP
 B = Vault XP
 C = Vault XP percentage of total XP
 D = Non-vault monster count
 E = Vault monster count
 F = Vault count percentage of total count
                 A         B        C        D         E       F
            +---------+---------+-------+---------+---------+-------
      Total |      34 |      41 |  54.7 |      21 |       3 |  12.5
            +---------+---------+-------+---------+---------+-------
        D:1 |      29 |       4 |  12.1 |      17 |       2 |  10.5
        D:2 |       5 |      37 |  88.1 |       4 |       1 |  20.0
            +---------+---------+-------+---------+---------+-------
